 Dungeon Sprint DCSS version 0.17-a0-764-gd40c196 (webtiles) character file.

0 lorenzova the Poker (level 1, -5/16 HPs)
             Began as a Merfolk Gladiator on Apr 23, 2015.
             Shot with a bolt by a yaktaur captain (21 damage)
             ... in the Dungeon (Sprint V: "Ziggurat Sprint").
             The game lasted 00:01:26 (29 turns).

lorenzova the Poker (Merfolk Gladiator)               Turns: 29, Time: 00:01:28

Health: -5/16      AC:  4    Str: 15    XL:     1   Next: 0%
Magic:  1/1        EV: 13    Int:  7    God:
Gold:   0          SH:  0    Dex: 14    Spells: 0 memorised, 0 levels left

rFire  . . .     SeeInvis .     a - +0 trident
rCold  . . .     Clarity  .     b - +0 leather armour
rNeg   . . .     SustAb   .     (no shield)
rPois  .         Gourm    .     c - +0 helmet
rElec  .         Spirit   .     (no cloak)
rCorr  .         Warding  .     (no gloves)
rMut   .         NoTele   +     (no boots)
MR     .....                    (no amulet)
Stlth  +.........               (no ring)
                                (no ring)

@: not resistant to hostile enchantments, very unstealthy
A: change form in water, swift swim
a: no special abilities


You were in the Dungeon.
You were not hungry.

You visited 1 branch

Inventory:

Hand weapons
 a - a +0 trident (weapon)
 v - the cursed +13 Scythe of Curses {drain, Curse}
   (You found it in the Dungeon)

   A truly terrible weapon, it drains the life of those it strikes.
   It may re-curse itself when equipped.
   It has a curse placed upon it.
 w - the +8 lance "Wyrmbane" {slay drac, +Rage rPois rF+ AC+5}
   (You found it in the Dungeon)

   It affects your AC (+5).
   It protects you from fire.
   It protects you from poison.
   It lets you go berserk.
 x - the +6 shillelagh "Devastator" {shatter}
   (You found it in the Dungeon)
Missiles
 d - 3 throwing nets (quivered)
Armour
 b - a +0 leather armour (worn)
 c - a +0 helmet (worn)
Jewellery
 p - a +6 ring of dexterity
 q - a +6 ring of dexterity
 r - a +6 ring of intelligence
 s - a +6 ring of intelligence
 t - a +6 ring of strength
 u - a +6 ring of strength
Magical devices
 l - a wand of disintegration (7)
 m - a wand of fire (5)
 n - a wand of cold (5)
 o - a wand of draining (5)
Scrolls
 k - a scroll of blinking
Potions
 f - a potion of curing
 g - a potion of heal wounds
 h - a potion of haste
 i - 2 potions of magic
 j - a potion of berserk rage
Comestibles
 e - a bread ration


   Skills:
 + Level 2.1 Fighting
 + Level 4.4 Polearms
 + Level 2.0 Throwing
 + Level 4.0 Dodging


You couldn't memorise any spells.
You didn't know any spells.

Dungeon Overview and Level Annotations

Branches:
Dungeon (1/1)

Altars:
Ashenzari
Cheibriados
Dithmenos
Elyvilon
Fedhas
Gozag
Kikubaaqudgha
Makhleb
Nemelex Xobeh
Okawaru
Qazlal
Ru
Sif Muna
Trog
Vehumet
Xom
Yredelemnul
Zin
The Shining One
Beogh
Jiyva
Lugonu


Message History

p - a +6 ring of dexterity;
q - a +6 ring of dexterity
r - a +6 ring of intelligence;
s - a +6 ring of intelligence
t - a +6 ring of strength;
u - a +6 ring of strength You see here an uncursed ring of flight.
You see here a disc of storms.
You see here an uncursed ring of flight.
Things that are here:
an uncursed staff of energy; a crystal ball of energy
Items here: ))))))))))
Okay, then.
v - the cursed +13 Scythe of Curses {drain, Curse}
w - the +8 lance "Wyrmbane" {slay drac, +Rage rPois rF+ AC+5}
x - the +6 shillelagh "Devastator" {shatter} Your surroundings seem different!
Welcome to arena 1.
A deep elf knight and a yaktaur captain come into view.
The deep elf knight shouts!
The yaktaur captain shouts!
The yaktaur captain wields an arbalest.
The yaktaur captain shoots a bolt.
The bolt hits you!!
Ouch! That really hurt!
You die...

▓▓▓▓▓▓▓
▓.8©8.▓
▓.....▓
▓.e.c.▓
▓.....▓
▓.....▓
▓..@..▓
▓▓▓▓▓▓▓


You could see a yaktaur captain and a deep elf knight.

Vanquished Creatures (others)
  2 spatial maelstroms (D)
2 creatures vanquished.

Notes
Turn   | Place    | Note
--------------------------------------------------------------
     0 | D        | lorenzova, the Merfolk Gladiator, began the quest for the Orb.
     0 | D        | Reached XP level 1. HP: 16/16 MP: 1/1
     1 | D        | Found a basalt altar of Yredelemnul.
     1 | D        | Found an iron altar of Okawaru.
     1 | D        | Banished a spatial maelstrom
     2 | D        | Found a radiant altar of Vehumet.
     2 | D        | Found a shimmering altar of Xom.
     7 | D        | Found a viscous altar of Jiyva.
     9 | D        | Found a corrupted altar of Lugonu.
    10 | D        | Found a white marble altar of Elyvilon.
    11 | D        | Found a sparkling altar of Nemelex Xobeh.
    11 | D        | Found a burning altar of Makhleb.
    11 | D        | Found a deep blue altar of Sif Muna.
    12 | D        | Found a bloodstained altar of Trog.
    12 | D        | Banished a spatial maelstrom
    29 | D        | Entered arena 1.
    29 | D        | Noticed a deep elf knight
    29 | D        | Noticed a yaktaur captain
    29 | D        | Shot with a bolt by a yaktaur captain
